 Dungeon Crawl Stone Soup version 0.19.5 (webtiles) character file.

141 McKennaii the Gusty (level 5, 0/31 HPs)
             Began as a High Elf Air Elementalist on Apr 24, 2017.
             Slain by an ice beast (14 damage)
             ... on level 4 of the Dungeon.
             The game lasted 00:04:28 (2634 turns).

McKennaii the Gusty (High Elf Air Elementalist)     Turns: 2634, Time: 00:04:29

Health: 0/31       AC:  4    Str:  7    XL:     5   Next: 3%
Magic:  6/11       EV: 13    Int: 20    God:
Gold:   99         SH:  0    Dex: 15    Spells: 3 memorised, 5 levels left

rFire  . . .     SeeInvis .     q - +0 falchion
rCold  . . .     Gourm    .     a - +0 robe
rNeg   . . .     Faith    .     (no shield)
rPois  .         Spirit   .     (no helmet)
rElec  .         Reflect  .     m - +0 cloak
rCorr  .         Harm     .     (no gloves)
MR     .....                    o - +0 pair of boots
Stlth  ++........               (no amulet)
                                (no ring)
                                (no ring)

@: repel missiles
A: no striking features
a: no special abilities


You were on level 4 of the Dungeon.
You were not hungry.

You visited 1 branch of the dungeon, and saw 4 of its levels.

You collected 99 gold pieces.

Inventory:

Hand Weapons
 q - a +0 falchion (weapon)
Armour
 a - a +0 robe (worn)
 m - a +0 cloak (worn)
 o - a +0 pair of boots (worn)
Scrolls
 e - a scroll of noise {unknown}
 f - a scroll of random uselessness {unknown}
 g - a scroll of magic mapping {unknown}
 h - 3 scrolls of recharging {unknown}
 i - 5 scrolls of identify {unknown}
 j - 2 scrolls of blinking {unknown}
 k - a scroll of immolation {unknown}
 l - a scroll of fog {unknown}
 n - 2 scrolls of enchant weapon {unknown}
 p - a scroll of remove curse {unknown}
 s - a scroll of enchant armour {unknown}
Potions
 r - a potion of degeneration {unknown}
Books
 b - a book of Air

   Spells                             Type                      Level
   a - Shock                          Conjuration/Air              1
   b - Swiftness                      Charms/Air                   2
   c - Repel Missiles                 Charms/Air                   2
   d - Static Discharge               Conjuration/Air              3
   e - Lightning Bolt                 Conjuration/Air              5
Comestibles
 c - 3 bread rations
 d - 3 slices of pizza


   Skills:
 + Level 0.5 Long Blades
 + Level 2.5 Dodging
 + Level 2.6 Stealth
 + Level 3.4 Spellcasting
 + Level 3.0 Conjurations
 + Level 4.8 Air Magic


You had 5 spell levels left.
You knew the following spells:

 Your Spells              Type           Power        Failure   Level  Hunger
a - Shock                 Conj/Air       ###.         2%          1    None
b - Swiftness             Chrm/Air       ##......     10%         2    ##.....
c - Repel Missiles        Chrm/Air       ##....       10%         2    ##.....


Dungeon Overview and Level Annotations

Branches:
Dungeon (4/15)
 Temple: D:4-7

Altars:

Annotations:
D:4 Dowan, Duvessa


Message History

The zap hits the ice beast.
The ice beast is moderately wounded.
Casting: Shock
Confirm with . or Enter, or press ? or * to list all spells.
Aiming: Shock
Press: ? - help, Shift-Dir - straight line, p - ice beast The zap hits the ice beast.
The ice beast is moderately wounded.
The zap hits the ice beast.
The ice beast is heavily wounded.
The ice beast hits you. The ice beast freezes you!
Casting: Shock
Confirm with . or Enter, or press ? or * to list all spells.
Aiming: Shock
Press: ? - help, Shift-Dir - straight line The zap hits the ice beast.
The ice beast is severely wounded.
The zap misses the ice beast.
The ice beast hits you. The ice beast freezes you!
You die...

########### #..........
#.######### #.....# #####.# #.#
###########################.#####
...............Y.................
####....########@##########.####.
#.... #.# #.# #. #.Y.. #.# #.# #.
#.... #.# #.# #. #.... #.# #.# #.
#.... #.# #.# #. ....# #.# #.# ##
... #.# #.#


You could see an ice beast.

Vanquished Creatures
  An orc priest (D:3)
  4 adders
  An ooze (D:3)
  A worm (D:2)
  8 orcs (D:3)
  3 ball pythons
  5 giant cockroaches
  4 goblins
  6 hobgoblins
  4 jackals (D:2)
  A quokka (D:3)
  5 bats
  9 frilled lizards
  6 kobolds
  2 rats (D:1)
60 creatures vanquished.

Notes
Turn   | Place    | Note
-------+----------+-------------------------------------------
     0 | D:1      | McKennaii the High Elf Air Elementalist began the quest for the Orb.
     0 | D:1      | Reached XP level 1. HP: 11/11 MP: 4/4
   705 | D:2      | Reached skill level 4 in Air Magic
   705 | D:2      | Reached XP level 2. HP: 14/17 MP: 0/6
   739 | D:2      | Learned a level 2 spell: Swiftness
   742 | D:2      | Learned a level 2 spell: Repel Missiles
  1014 | D:2      | Reached XP level 3. HP: 21/21 MP: 5/8
  1519 | D:3      | Reached XP level 4. HP: 27/27 MP: 3/9
  2021 | D:3      | Reached XP level 5. HP: 10/31 MP: 0/11
  2314 | D:4      | Noticed Duvessa
  2316 | D:4      | Noticed Dowan
  2620 | D:4      | Noticed an ice beast
  2634 | D:4      | Slain by an ice beast

Skill      XL: |  1  2  3  4 |
---------------+-------------+-----
Air Magic      | 4 |  4.8
Spellcasting   | 3 |  3.4
Conjurations   | 2 3 |  3.0
Long Blades    | |  0.5
Dodging        | |  2.5
Stealth        | |  2.6

Action                   |  1- 3 |  4- 6 || total
-------------------------+-------+-------++-------
Melee: Falchion          |       |    17 ||    17
 Cast: Shock             |    77 |    63 ||   140
       Repel Missiles    |     1 |       ||     1
  Use: Potion            |     1 |     1 ||     2
  Eat: Meat ration       |     1 |       ||     1
Armor: Robe              |     4 |     4 ||     8
Dodge: Dodged            |    14 |    27 ||    41
       Deflected         |       |     1 ||     1
       Rpst.: Falchion   |       |     9 ||     9
